 Dungeon Crawl Stone Soup version 0.22-a0-247-gbddf880 (webtiles) character file.

274 wolfsongas the Nimble (level 6, -5/50 HPs)
             Began as a Gnoll Wanderer on Feb 24, 2018.
             Slain by a gnoll
             ... wielding a +0 flail
              (13 damage)
             ... on level 1 of the Dungeon.
             The game lasted 00:02:57 (1826 turns).

wolfsongas the Nimble (Gnoll Wanderer)              Turns: 1826, Time: 00:02:57

Health: -5/50      AC:  5    Str: 14    XL:     6   Next: 24%
Magic:  8/8        EV: 17    Int: 14    God:
Gold:   183        SH:  0    Dex: 20    Spells: 8/8 levels left

rFire    . . .     SeeInvis .     - Unarmed
rCold    . . .     Gourm    .   (no shield)
rNeg     . . .     Faith    .   l - +0 ring mail
rPois    .         Spirit   .   (no helmet)
rElec    .         Reflect  .   (no cloak)
rCorr    .         Harm     .   (no gloves)
MR       .....                  (no boots)
Stlth    ++........             (no amulet)
HPRegen  0.16/turn              e - +3 ring of intelligence
MPRegen  0.11/turn              (no ring)

@: no status effects
A: distributed training, fangs 1, strong nose
a: no special abilities


You were on level 1 of the Dungeon.
You were not hungry.

You visited 1 branch of the dungeon, and saw 2 of its levels.

You collected 183 gold pieces.

Inventory:

Hand Weapons
 h - a +1 hunting sling of freezing
Armour
 a - a +2 leather armour
 l - a +0 ring mail (worn)
Jewellery
 e - a +3 ring of intelligence (left hand)
Scrolls
 g - a scroll of teleportation {unknown}
 i - a scroll of random uselessness {unknown}
 j - 2 scrolls of identify {unknown}
 m - a scroll of remove curse {unknown}
 n - a scroll of immolation {unknown}
Potions
 c - a potion of invisibility {unknown}
 f - a potion of curing
 k - a potion of ambrosia {unknown}
 o - a potion of magic {unknown}
Comestibles
 d - 4 rations


   Skills:
 + Level 4.9 Fighting
 + Level 3.1 Short Blades
 + Level 1.8 Long Blades
 + Level 1.8 Axes
 + Level 1.8 Maces & Flails
 + Level 1.8 Polearms
 + Level 1.8 Staves
 + Level 1.8 Slings
 + Level 1.8 Bows
 + Level 1.8 Crossbows
 + Level 1.8 Throwing
 + Level 1.8 Armour
 + Level 8.7 Dodging
 + Level 1.8 Stealth
 + Level 3.1 Shields
 + Level 3.1 Unarmed Combat
 + Level 1.8 Spellcasting
 + Level 1.4 Conjurations
 + Level 1.4 Hexes
 + Level 1.4 Charms
 + Level 1.4 Summonings
 + Level 1.4 Necromancy
 + Level 1.4 Translocations
 + Level 1.4 Transmutations
 + Level 1.4 Fire Magic
 + Level 1.4 Ice Magic
 + Level 1.4 Air Magic
 + Level 1.4 Earth Magic
 + Level 1.4 Poison Magic
 + Level 2.0 Invocations
 + Level 3.1 Evocations


You had 8 spell levels left.
You didn't know any spells.

Dungeon Overview and Level Annotations

Branches:
Dungeon (2/15)

Altars:


Innate Abilities, Weirdness & Mutations

Your experience applies equally to all skills.
You have very sharp teeth.
Your uncanny sense of smell can sniff out nearby items.


Message History

You feel sick. The gnoll misses you. x2
You hit the gnoll but do no damage.
The gnoll is severely wounded.
The gnoll closely misses you. The gnoll hits you with a flail.
* * * LOW HITPOINT WARNING * * *
You barely miss the gnoll.
The gnoll is severely wounded.
The gnoll misses you. The gnoll barely misses you.
It was a potion of curing.
You feel better. The gnoll misses you.
You hit the gnoll. Your punch misses the gnoll.
The gnoll is almost dead.
The gnoll barely misses you. The gnoll closely misses you.
You hit the gnoll but do no damage.
The gnoll is almost dead.
The gnoll misses you. The gnoll hits you with a flail!
* * * LOW HITPOINT WARNING * * *
You hit the gnoll but do no damage.
The gnoll is almost dead.
The gnoll completely misses you. The gnoll hits you with a flail!
You die...

###.#'########.....#
#........#
.......##........###
#........#
####...##.#.##...#
#........# #
#...##.#.##...#
#........#
####...##.####.#.#
#........#
#.........# #.#.#
##########
#.######### #.#.#
#.# #.#g# #.# #.g@#
#.# ##### '.# ###


You could see 2 gnolls.

Vanquished Creatures
  Sigmund (D:2)
  Terence (D:2)
  A gnoll (D:2)
  2 adders (D:2)
  A worm (D:2)
  A leopard gecko (D:2)
  3 orcs (D:2)
  3 giant cockroaches (D:1)
  6 goblins
  8 hobgoblins
  8 jackals
  A quokka (D:2)
  7 bats
  2 frilled lizards (D:2)
  3 kobolds (D:2)
  10 rats
58 creatures vanquished.

Notes
Turn   | Place    | Note
-------+----------+-------------------------------------------
     0 | D:1      | wolfsongas the Gnoll Wanderer began the quest for the Orb.
     0 | D:1      | wolfsongas set off with: a +2 leather armour, a potion of lignification, a +0 short sword, a ration
     0 | D:1      | Reached XP level 1. HP: 20/20 MP: 2/2
   121 | D:1      | Reached XP level 2. HP: 26/26 MP: 3/3
   476 | D:1      | Reached XP level 3. HP: 31/31 MP: 4/4
   736 | D:2      | Noticed Sigmund
   754 | D:2      | Killed Sigmund
   754 | D:2      | Reached skill level 1 in Long Blades
   754 | D:2      | Reached skill level 1 in Axes
   754 | D:2      | Reached skill level 1 in Maces & Flails
   754 | D:2      | Reached skill level 1 in Polearms
   754 | D:2      | Reached skill level 1 in Staves
   754 | D:2      | Reached skill level 1 in Slings
   754 | D:2      | Reached skill level 1 in Bows
   754 | D:2      | Reached skill level 1 in Crossbows
   754 | D:2      | Reached skill level 1 in Throwing
   754 | D:2      | Reached skill level 1 in Armour
   754 | D:2      | Reached skill level 1 in Stealth
   754 | D:2      | Reached skill level 1 in Spellcasting
   754 | D:2      | Reached skill level 1 in Conjurations
   754 | D:2      | Reached skill level 1 in Hexes
   754 | D:2      | Reached skill level 1 in Charms
   754 | D:2      | Reached skill level 1 in Summonings
   754 | D:2      | Reached skill level 1 in Necromancy
   754 | D:2      | Reached skill level 1 in Translocations
   754 | D:2      | Reached skill level 1 in Transmutations
   754 | D:2      | Reached skill level 1 in Fire Magic
   754 | D:2      | Reached skill level 1 in Ice Magic
   754 | D:2      | Reached skill level 1 in Air Magic
   754 | D:2      | Reached skill level 1 in Earth Magic
   754 | D:2      | Reached skill level 1 in Poison Magic
   754 | D:2      | Reached skill level 1 in Invocations
   754 | D:2      | Reached XP level 4. HP: 26/38 MP: 4/6
   754 | D:2      | Reached XP level 5. HP: 30/43 MP: 4/7
  1063 | D:2      | Noticed Terence
  1083 | D:2      | Killed Terence
  1083 | D:2      | Reached XP level 6. HP: 50/50 MP: 8/8
  1826 | D:1      | Slain by a gnoll

Vault maps used:
D:1:      dpeg_arrival_ratfight, minmay_misc_feat_encased
D:2:      cheibrodos_old_hovel, guppyfry_early_orc_mine, uniq_sigmund,
          uniq_terence

Skill      XL: |  1  2  3  4  5  6 |
---------------+-------------------+-----
Short Blades   | 3 |  3.1
Long Blades    | 1 |  1.8
Axes           | 1 |  1.8
Maces & Flails | 1 |  1.8
Polearms       | 1 |  1.8
Staves         | 1 |  1.8
Slings         | 1 |  1.8
Bows           | 1 |  1.8
Crossbows      | 1 |  1.8
Throwing       | 1 |  1.8
Armour         | 1 |  1.8
Stealth        | 1 |  1.8
Shields        | 3 |  3.1
Unarmed Combat | 3 |  3.1
Spellcasting   | 1 |  1.8
Conjurations   | 1 |  1.4
Hexes          | 1 |  1.4
Charms         | 1 |  1.4
Summonings     | 1 |  1.4
Necromancy     | 1 |  1.4
Translocations | 1 |  1.4
Transmutations | 1 |  1.4
Fire Magic     | 1 |  1.4
Ice Magic      | 1 |  1.4
Air Magic      | 1 |  1.4
Earth Magic    | 1 |  1.4
Poison Magic   | 1 |  1.4
Invocations    | 1 2 |  2.0
Evocations     | 3 |  3.1
Fighting       | |  4.9
Dodging        | |  8.7

Action                   |  1- 3 |  4- 6 || total
-------------------------+-------+-------++-------
Melee: Short sword       |    28 |       ||    28
       Bite              |    16 |     5 ||    21
       Dagger            |    74 |    14 ||    88
       Unarmed           |       |    98 ||    98
       Punch             |       |     1 ||     1
  Use: Potion            |       |     2 ||     2
 Stab: Sleeping          |       |     2 ||     2
       Distracted        |       |     1 ||     1
  Eat: Chunk             |       |     3 ||     3
Armor: Leather armour    |    33 |     5 ||    38
       Skin              |       |    21 ||    21
       Ring mail         |       |     7 ||     7
Dodge: Dodged            |    89 |   106 ||   195

Table legend:
 A = Spawn XP
 B = Non-spawn XP
 C = Spawn XP percentage of total XP
 D = Spawn monster count
 E = Non-spawn monster count
 F = Spawn count percentage of total count
 G = Total turns spent on level
                    A         B        C        D         E        F      G
               +---------+---------+-------+---------+---------+-------+---------
         Total |       0 |     392 |   0.0 |       0 |      58 |   0.0 |  1826
               +---------+---------+-------+---------+---------+-------+---------
           D:1 |       0 |      37 |   0.0 |       0 |      22 |   0.0 |   732
           D:2 |       0 |     355 |   0.0 |       0 |      36 |   0.0 |  1094
               +---------+---------+-------+---------+---------+-------+---------
